 Dungeon Crawl Stone Soup version 0.29-a0-40-g8eb35efe60 (webtiles) character file.

Game seed: 10953032514389597148

2634 dualclasshuman the Carver (level 9, -2/81 HPs)
             Began as a Hill Orc Monk on Feb 1, 2022.
             Was a Follower of Beogh.
             Slain by an ogre (20 damage)
             ... on level 4 of the Dungeon.
             The game lasted 00:29:27 (7779 turns).

dualclasshuman the Carver (Hill Orc Monk)           Turns: 7779, Time: 00:29:27

Health: -2/81      AC: 21    Str: 15 (16) XL:     9   Next: 61%
Magic:  6/9        EV:  6    Int:  8 (10) God:    Beogh [*.....]
Gold:   413        SH:  0    Dex: 14 (15) Spells: 8/8 levels left

rFire   + . .      SeeInvis .   g - +7 Throatcutter {drain, coup de grace}
rCold   + + .      Faith    .   (no shield)
rNeg    . . .      Spirit   .   q - +2 plate armour "Woynaast" {rF+ rC++}
rPois   .          Reflect  .   p - +1 helmet
rElec   .          Harm     .   c - +0 cloak
rCorr   .          Rampage  .   (no gloves)
Will    .....                   A - +1 pair of boots
Stlth   ..........              (no amulet)
HPRegen 0.23/turn               (no ring)
MPRegen 0.11/turn               (no ring)

@: mighty
A: no striking features
a: Renounce Religion


You were on level 4 of the Dungeon.
You worshipped Beogh.
Beogh was aware of your devotion.
You visited 2 branches of the dungeon, and saw 8 of its levels.

You collected 413 gold pieces.

Inventory:

Hand Weapons
 b - a +2 vorpal spear
 d - a +2 short sword of holy wrath
 f - a +1 mace of draining
 g - the +7 Throatcutter (weapon) {drain, coup de grace}
   (You took it off Terence on level 2 of the Dungeon)

   A truly terrible weapon, it drains the life of any living foe it strikes.
   It may instantly kill foes which have little health.
 i - a +2 scimitar of electrocution
Missiles
 t - 10 poisoned darts (quivered)
 C - a throwing net
Armour
 c - a +0 cloak (worn)
 h - a +0 chain mail
 p - a +1 helmet (worn)
 q - the +2 plate armour "Woynaast" (worn) {rF+ rC++}
   (You found it on level 4 of the Dungeon)

   rF:        It protects you from fire.
   rC:        It greatly protects you from cold.
 A - a +1 pair of boots (worn)
Wands
 m - a wand of flame (20)
 r - a wand of acid (10)
 y - a wand of digging (5)
Scrolls
 e - 3 scrolls of identify
 l - a scroll of fog {unknown}
 s - a scroll of teleportation
 u - a scroll of enchant armour {unknown}
 v - a scroll of acquirement {unknown}
 w - 2 scrolls of vulnerability {unknown}
Potions
 a - 2 potions of attraction
 j - a potion of flight
 o - a potion of brilliance {unknown}
 z - a potion of invisibility {unknown}


   Skills:
 * Level 7.8 Fighting
 * Level 8.5 Long Blades
 - Level 5.5 Axes
 * Level 7.7 Armour
 + Level 3.4 Dodging
 - Level 1.5 Stealth


You had 8 spell levels left.
You didn't know any spells.
Your spell library contained the following spells:

 Spells                   Type           Power      Damage    Failure   Level
 Tukima's Dance           Hex            0%         N/A       100%        3
 Passage of Golubria      Tloc           0%         N/A       100%        4
 Yara's Violent Unravell  Hex/Tmut       0%         3d3       100%        5


Dungeon Overview and Level Annotations

Branches:
Dungeon (7/15)             Temple (1/1) D:6

Altars:
Ashenzari
Cheibriados
Dithmenos
Elyvilon
Fedhas
Gozag
Hepliaklqana
Kikubaaqudgha
Makhleb
Nemelex Xobeh
Okawaru
Qazlal
Sif Muna
Trog
Uskayaw
Vehumet
Wu Jian
Xom
Yredelemnul
Zin
The Shining One

Shops:
D:2 =   D:4 ==(

Annotations:
D:4 1 transporter
D:6 3 runed translucent doors, Clumpoid's ghost, novice GnFi
D:7 2 transporters, finalsalamander's ghost, novice NaWn


Message History

It was a potion of might.
You feel very mighty all of a sudden.
There is a transporter landing site here.
You can't go down here!
Found 21 arrows.
There is a transporter here.
You enter the transporter and appear at another place.
Pigah's ghost stares at you and mumbles some strange words.
The zap hits you! x2; The ogre barely misses you.
You closely miss pigah's ghost. Pigah's ghost hits you.
The ogre closely misses you.
You slash pigah's ghost!
Pigah's ghost is moderately damaged.
The ogre hits you with the +5 great mace of Amortisation {pain, *Corrode rN++ Int+4}!
Pigah's ghost hits you. The ogre hits you but does no damage.
You slash pigah's ghost!
Pigah's ghost is heavily damaged.
Pigah's ghost hits you. The ogre hits you but does no damage.
You writhe in agony.
You closely miss pigah's ghost. Your punch misses pigah's ghost.
Pigah's ghost is heavily damaged.
The ogre barely misses you.
Pigah's ghost hits you but does no damage.
The ogre hits you with the +5 great mace of Amortisation {pain, *Corrode rN++ Int+4}!
* * * LOW HITPOINT WARNING * * *
Aiming: Smiting
Press: ? - help, Dir - move target, f - pigah's ghost Smite: pigah's ghost, wielding a vorpal weapon (heavily damaged)
You smite pigah's ghost!
Pigah's ghost is severely damaged.
You can no longer smite your foes.
Pigah's ghost casts a spell at you. The zap hits you but does no damage.
The zap hits you.
* * * LOW HITPOINT WARNING * * *
The ogre barely misses you.
You slash pigah's ghost!
You destroy pigah's ghost!
Beogh accepts your kill.
The ogre hits you with the +5 great mace of Amortisation {pain, *Corrode rN++ Int+4}!!
You die...

##...≈≈≈.##..............#.......
.'..................#....#.......
.#....##............#....#.......
.#............#.....#............
....................#............
....##....#############..........
..........#...(.©.....#..........
..........#.#..#.#..#.#..........
..........#..##.@.##..#...#'#....
..........#..##O.O##..#...#.#....
..........#.#..#.#..#.#...#.#....
..........#.....?)...©#...#<#....
..........#############...≈.≈....
...............©.©........≈.≈....
..........................#∩#....
..........................#.#....
..............)...........#.#....


You could see 2 ogres.

Vanquished Creatures
  Harold (D:7)
  The ghost of pigah the Gusty, a novice OpAE of Ashenzari (D:4)
  Grinder (D:5)
  A sky beast (D:7)
  An ice beast (D:5)
  4 black bears
  An orc warrior (D:7)
  A necrophage (D:2)
  An ogre (D:4)
  A centaur (D:7)
  A phantom (D:5)
  5 scorpions
  A howler monkey (D:7)
  2 hounds (D:6)
  2 bullfrog skeletons
  A centaur skeleton (D:6)
  A gnoll shaman (D:5)
  2 jellies
  An iguana (D:6)
  Terence (D:2)
  An orc wizard (D:7)
  9 gnolls
  6 adders
  4 dart slugs
  14 orcs
  7 endoplasms
  4 giant cockroaches
  4 goblins
  3 hobgoblins
  7 kobolds
  3 quokkas
  4 ball pythons
  5 bats
  2 frilled lizards
  2 rats
105 creatures vanquished.

Vanquished Creatures (others)
  2 orc priests (D:7)
  15 plants (D:1)
17 creatures vanquished.

Grand Total: 122 creatures vanquished

Notes
Turn   | Place    | Note
-------+----------+-------------------------------------------
     0 | D:1      | dualclasshuman the Hill Orc Monk began the quest for the
                  | Orb.
     0 | D:1      | Reached XP level 1. HP: 19/19 MP: 1/1
   402 | D:1      | Reached XP level 2. HP: 24/27 MP: 2/2
   794 | D:1      | You fall into a shaft and drop 1 floor!
  1286 | D:2      | Reached XP level 3. HP: 6/33 MP: 3/3
  1596 | D:2      | Noticed a necrophage
  1874 | D:3      | Found a faded altar of an unknown god.
  1889 | D:3      | Reached skill level 5 in Axes
  1889 | D:3      | Reached skill level 1 in Armour
  1889 | D:3      | Reached XP level 4. HP: 36/41 MP: 4/4
  2216 | D:3      | Noticed a scorpion
  2224 | D:3      | Killed a scorpion
  2225 | D:3      | Reached XP level 5. HP: 35/47 MP: 5/5
  2646 | D:2      | Found an opulent altar of Gozag.
  2738 | D:2      | Noticed Terence
  2786 | D:2      | Killed a necrophage
  2787 | D:2      | Reached skill level 5 in Fighting
  2787 | D:2      | Reached XP level 6. HP: 48/56 MP: 6/6
  2855 | D:2      | Found Nostriy's Jewellery Boutique.
  3019 | D:2      | Killed Terence
  3474 | D:4      | Found Ymodghyp's Jewellery Shop.
  3587 | D:4      | Found Mayjest's Jewellery Shop.
  3594 | D:4      | Identified the +2 plate armour "Woynaast" {rF+ rC++}
  3933 | D:4      | Found Tujaam's Weapon Shoppe.
  3936 | D:4      | Found a transporter.
  3998 | D:4      | Noticed pigah's ghost (novice OpAE)
  3999 | D:4      | Found a transporter.
  4001 | D:4      | Identified the +5 great mace of Amortisation {pain,
                  | *Corrode rN++ Int+4}
  4295 | D:4      | Reached skill level 1 in Long Blades
  4507 | D:5      | Entered Level 5 of the Dungeon
  4562 | D:5      | Reached skill level 2 in Long Blades
  4562 | D:5      | Reached XP level 7. HP: 55/62 MP: 7/7
  4656 | D:5      | Noticed Grinder
  4658 | D:5      | Paralysed by Grinder for 7 turns
  4680 | D:5      | Killed Grinder
  4681 | D:5      | Reached skill level 3 in Long Blades
  4808 | D:5      | Reached skill level 4 in Long Blades
  4914 | D:5      | Reached XP level 8. HP: 53/70 MP: 8/8
  5052 | D:5      | Reached skill level 5 in Long Blades
  5489 | D:5      | Reached skill level 6 in Long Blades
  5489 | D:5      | Reached skill level 5 in Armour
  5639 | D:6      | Found a staircase to the Ecumenical Temple.
  5664 | Temple   | Entered the Ecumenical Temple
  6163 | D:6      | Found a runed translucent gate.
  6163 | D:6      | Found a runed translucent gate.
  6163 | D:6      | Found a runed translucent gate.
  6197 | D:6      | Noticed Clumpoid's ghost (novice GnFi)
  6630 | D:7      | Reached skill level 7 in Long Blades
  6673 | D:7      | Found a transporter.
  6685 | D:7      | Reached XP level 9. HP: 77/79 MP: 9/9
  6686 | D:7      | Noticed a boulder beetle
  6690 | D:7      | Found a transporter.
  6692 | D:7      | Noticed finalsalamander's ghost (novice NaWn)
  6735 | D:7      | Became a worshipper of Beogh the Brigand
  6735 | D:7      | Reached * piety under Beogh
  6735 | D:7      | Reached ** piety under Beogh
  7033 | D:7      | Noticed Harold
  7066 | D:7      | Killed Harold
  7067 | D:7      | Reached skill level 8 in Long Blades
  7779 | D:4      | Killed pigah's ghost
  7779 | D:4      | Slain by an ogre

Illustrated notes

Levels and vault maps discovered:
D:1:      eino_arrival_cavern_d, layout_basic, serial_bayou_pond_c
D:2:      layout_rooms, basic_altar, serial_shops,
          nicolae_shop_advertising_works [nicolae_subvault_shop_adworks],
          serial_corexii_hall, chequers_hall_statues_corner_a,
          chequers_hall_statues_wall_a, uniq_terence
D:3:      layout_basic, nicolae_ecumenical_pavilion
D:4:      layout_basic, gammafunk_ghost_smash, serial_shops,
          nicolae_shop_hallway_stairs, nicolae_shop_waterfront, shop,
          hangedman_decor_diamond_cutter
D:5:      layout_basic, uniq_grinder
D:6:      layout_rooms, minmay_temple_entry_waves, gammafunk_ghost_icy,
          chequers_serial_rivers_large_b
D:7:      layout_gridville, gammafunk_ghost_arena, uniq_harold
Temple:   mainiacjoe_temple_trianglar_array

Skill      XL: |  1  2  3  4  5  6  7  8  9 |
---------------+----------------------------+-----
Fighting       | 4 5 6 7 |  7.8
Axes           | 5 |  5.5
Armour         | 1 2 3 4 6 7 |  7.7
Dodging        | 3 |  3.4
Long Blades    | 2 4 7 8 |  8.5
Stealth        | |  1.5

Action                   |  1- 3 |  4- 6 |  7- 9 || total
-------------------------+-------+-------+-------++-------
Melee: Hand axe          |    48 |       |       ||    48
       Mace              |    55 |    50 |       ||   105
       Punch             |       |     1 |     4 ||     5
       Long sword        |       |    43 |   109 ||   152
       Spear             |       |     7 |       ||     7
Invok: Smiting           |       |       |     1 ||     1
       Convert to Beogh  |       |       |     1 ||     1
  Use: Scroll            |     1 |     4 |     2 ||     7
       Potion            |       |     1 |     6 ||     7
 Stab: Sleeping          |     4 |     3 |       ||     7
Armor: Robe              |     6 |       |       ||     6
       Leather armour    |    26 |    16 |       ||    42
       Plate armour      |       |    23 |    95 ||   118
Dodge: Dodged            |    70 |    44 |    46 ||   160

Table legend: (Time is in decaauts)
 A = Elapsed time spent in this place.
 B = Non-inter-level travel time spent in this place.
 C = Inter-level travel time spent in this place.
 D = Time resting spent in this place.
 E = Time spent auto-exploring this place.
 F = Levels seen in this place.
 G = Mean time per level.
                   A        B        C        D        E       F      G
               +--------+--------+--------+--------+--------+-----+--------+
         Total |   7885 |   7885 |      0 |   1072 |   4309 |   8 |  985.6 |
       Dungeon |   7419 |   7419 |      0 |   1072 |   3947 |   7 | 1059.9 |
        Temple |    466 |    466 |      0 |      0 |    362 |   1 |  466.0 |
               +--------+--------+--------+--------+--------+-----+--------+

Top non-repeatable levels by time:
     D:1: 1273 daAuts
     D:5: 1141 daAuts
     D:4: 1123 daAuts
     D:3: 1123 daAuts
     D:2: 1106 daAuts
     D:7: 1070 daAuts
     D:6: 581 daAuts
  Temple: 466 daAuts
